 Dungeon Crawl Stone Soup version 0.23.2-40-g277498a001 (webtiles) character file.

Game seed: 2013928066529650079

239 Descartes the Ruffian (level 5, 0/54 HPs)
             Began as a Troll Monk on Oct 21, 2019.
             Killed by nerve-wracking pain
             ... invoked by an orc priest
              (12 damage)
             ... on level 4 of the Dungeon.
             The game lasted 00:04:31 (2455 turns).

Descartes the Ruffian (Troll Monk)                  Turns: 2455, Time: 00:04:31

Health: 0/54       AC:  6    Str: 19    XL:     5   Next: 79%
Magic:  4/4        EV: 11    Int:  7    God:
Gold:   257        SH:  0    Dex: 12    Spells: 4/4 levels left

rFire    + . .     SeeInvis .     - Unarmed
rCold    . . .     Gourm    +   (no shield)
rNeg     . . .     Faith    .   a - +0 robe
rPois    +         Spirit   .   (helmet restricted)
rElec    .         Reflect  .   (no cloak)
rCorr    .         Harm     .   (gloves unavailable)
MR       .....                  (boots unavailable)
Stlth    +.........             (no amulet)
HPRegen  0.58/turn              e - ring of poison resistance
MPRegen  0.09/turn              o - ring of protection from fire

@: hasted, lightly drained, very quick
A: large, unfitting armour, claws 3, fast metabolism 3, gourmand, regeneration
1, shaggy fur 1, tough skin 3
a: no special abilities


You were on level 4 of the Dungeon.
You were completely stuffed.

You visited 1 branch of the dungeon, and saw 4 of its levels.

You collected 257 gold pieces.

Inventory:

Missiles
 g - 68 arrows
 k - 8 tomahawks (quivered)
Armour
 a - a +0 robe (worn)
Jewellery
 e - a ring of poison resistance (left claw)
 o - a ring of protection from fire (right claw)
 y - an uncursed ring of fire
Scrolls
 d - a scroll of immolation {unknown}
 f - 5 scrolls of identify {unknown}
 h - a scroll of remove curse {unknown}
 i - 3 scrolls of enchant armour {unknown}
 s - a scroll of fear {unknown}
 t - 4 scrolls of teleportation {unknown}
 w - a scroll of amnesia {unknown}
Potions
 c - a potion of berserk rage {unknown}
 j - 2 potions of haste
 l - a potion of mutation {unknown}
 m - 2 potions of flight {unknown}
 n - 2 potions of curing {unknown}
 p - a potion of invisibility {unknown}
 q - 2 potions of resistance {unknown}
 r - 3 potions of agility {unknown}
 u - a potion of ambrosia {unknown}
 x - 2 potions of degeneration {unknown}
Comestibles
 b - 6 rations
 v - 2 chunks of flesh


   Skills:
 + Level 3.7(3.2) Fighting
 + Level 3.6(3.2) Dodging
 - Level 1.0(0.6) Stealth
 + Level 4.5(4.0) Unarmed Combat


You had 4 spell levels left.
You didn't know any spells.
Your spell library was empty.

Dungeon Overview and Level Annotations

Branches:
Dungeon (4/15)
 Temple: D:4-7

Altars:
Cheibriados
Gozag
Vehumet


Innate Abilities, Weirdness & Mutations

You are too large for most types of armour.
You have claws for hands.
Your metabolism is lightning-fast.
You like to eat raw meat.
Your natural rate of healing is unusually fast.
You are covered in fur. (AC +1)
You have extremely tough skin. (AC +3)


Message History

The orc closely misses you.
It was a potion of haste.
You feel yourself speed up.
The orc priest calls down the wrath of Beogh upon you.
You barely resist.
The orc priest hits you but does no damage.
You feel drained. The orc hits you with a +0 falchion.
* * * LOW HITPOINT WARNING * * *
The orc closely misses you.
You scratch the orc priest.
The orc priest is moderately wounded.
The orc priest hits you but does no damage.
The orc priest miscasts a cantrip.
The orc hits you with a +0 falchion.
* * * LOW HITPOINT WARNING * * *
You claw the orc priest!
The orc priest is almost dead.
The orc hits you but does no damage.
The orc priest calls down the wrath of Beogh upon you.
Pain shoots through your body!
You die...

.......####
..........#####
...............
................
..........)..... ..#
#.# ......o.........
..# #.#
......ooo....... ..#
#.# #.#####@.......
..# #.#
#.....#........
..###.#
#.........#####
..+.#.####.........#
..#.#..............#
........##########.#
'#..##.............#
.#..##.......#######
##.......###.###


You could see 2 orc priests and 2 orcs.

Vanquished Creatures
  An ogre (D:4)
  A water moccasin skeleton (D:4)
  An orc priest (D:4)
  2 adders
  3 worms
  2 dart slugs
  An orc (D:3)
  3 ball pythons (D:1)
  8 goblins
  4 hobgoblins
  4 jackals (D:2)
  6 kobolds (D:1)
  A quokka (D:4)
  6 bats
  4 frilled lizards
  4 rats
51 creatures vanquished.

Vanquished Creatures (others)
  A dart slug (D:3)
1 creature vanquished.

Grand Total: 52 creatures vanquished

Notes
Turn   | Place    | Note
-------+----------+-------------------------------------------
     0 | D:1      | Descartes the Troll Monk began the quest for the Orb.
     0 | D:1      | Reached XP level 1. HP: 22/22 MP: 0/0
     6 | D:1      | Noticed a black mamba
     6 | D:1      | Noticed a redback
     6 | D:1      | Noticed a wolf
     7 | D:1      | Noticed a black bear
     7 | D:1      | Noticed a crocodile
   185 | D:1      | Reached XP level 2. HP: 27/29 MP: 1/1
   898 | D:2      | Found a faded altar of an unknown god.
  1090 | D:2      | Reached XP level 3. HP: 36/36 MP: 2/2
  1733 | D:3      | Found a radiant altar of Vehumet.
  2020 | D:3      | Found an opulent altar of Gozag.
  2033 | D:3      | Reached XP level 4. HP: 43/45 MP: 3/3
  2114 | D:3      | Found a snail-covered altar of Cheibriados.
  2314 | D:4      | Noticed an ogre
  2318 | D:4      | Killed an ogre
  2318 | D:4      | Reached skill level 4 in Unarmed Combat
  2318 | D:4      | Reached XP level 5. HP: 27/53 MP: 4/4
  2455 | D:4      | Killed from afar by an orc priest

Skill      XL: |  1  2  3  4 |
---------------+-------------+-----
Fighting       | 3 |  3.7
Dodging        | 3 |  3.6
Unarmed Combat | 4 |  4.5
Stealth        | |  1.0

Action                   |  1- 3 |  4- 6 || total
-------------------------+-------+-------++-------
Melee: Unarmed           |   112 |    26 ||   138
       Punch             |     2 |       ||     2
  Use: Potion            |       |     1 ||     1
 Stab: Sleeping          |     1 |       ||     1
  Eat: Chunk             |    24 |     4 ||    28
Armor: Robe              |    53 |     8 ||    61
Dodge: Dodged            |    62 |    15 ||    77
